 Dungeon Crawl Stone Soup version 0.31.0 (webtiles) character file.

Game seed: 13834039284675757183

571 qw the Shooter (level 7, -2/43 HPs)
             Began as a Gargoyle Hunter on Jan 19, 2024.
             Shot with an arrow by a centaur (4 damage)
             ... on level 5 of the Dungeon.
             The game lasted 00:00:18 (3933 turns).

qw the Shooter (Gargoyle Hunter)                    Turns: 3933, Time: 00:00:19

Health: -2/43      AC: 14    Str: 13 (15) XL:     7   Next: 34%
Magic:  7/7        EV: 10    Int:  7 (9)  God:
Gold:   283        SH:  0    Dex: 14 (15) Spells: 6/6 levels left

rFire   . . .        a - +1 shortbow
rCold   . . .        (shield currently unavailable)
rNeg    + . .        i - +0 ring mail
rPois   inf          (no helmet)
rElec   +            (no cloak)
rCorr   .            (no gloves)
SInv    .            (no boots)
Will    .....        (no amulet)
Stlth   +            j - +4 ring of protection
HPRegen 0.27/turn    (no ring)
MPRegen 0.10/turn

%: no passive effects
@: no status effects
A: sickness immunity, AC +4, negative energy resistance 1, electricity
resistance, torment resistance 1, petrification resistance
a: no special abilities


You were on level 5 of the Dungeon.
You visited 1 branch of the dungeon, and saw 5 of its levels.
You also visited: Sewer.

You collected 283 gold pieces.


Innate Abilities, Weirdness & Mutations

You are immune to sickness and miasma.
Your stone body is resilient. (AC +4)
You are immune to poison.
You resist negative energy. (rN+)
You are resistant to electric shocks. (rElec)
You are resistant to unholy torment.
You are immune to petrification.


   Skills:
 - Level 4.0 Fighting
 + Level 7.9 Ranged Weapons
 - Level 1.4 Armour
 - Level 1.5 Dodging
 - Level 1.1 Stealth


You had 6 spell levels left.
You didn't know any spells.
Your spell library was empty.

Inventory:

Hand Weapons
 a - a +1 shortbow (weapon)
Armour
 i - a +0 ring mail (worn)
Jewellery
 j - a +4 ring of protection (left hand)
Potions
 b - 4 potions of enlightenment
 c - a potion of curing
 e - a potion of mutation {unknown}
 g - a potion of might {unknown}
 h - a potion of brilliance {unknown}
 k - a potion of invisibility {unknown}

Dungeon Overview and Level Annotations

Branches:
Dungeon (5/15)              Sewer (visited)
 Temple: D:4-7

Altars:
Trog

Annotations:
D:4 1 transporter, Euripides's ghost, amateur HOFi


Message History

The acid dragon claws you but does no damage.
You shoot an arrow. The arrow hits the acid dragon.
The acid dragon is severely wounded.
The acid dragon barely misses you.
The acid dragon claws you but does no damage.
You shoot an arrow. The arrow hits the acid dragon.
The acid dragon is almost dead.
The acid dragon barely misses you. x2
You shoot an arrow. The arrow hits the acid dragon.
You kill the acid dragon!
The centaur shoots an arrow.
The arrow misses you.
You feel your intelligence returning.
You shoot an arrow.
The arrow hits the white imp but does no damage.
The white imp misses you.
You shoot an arrow. The arrow hits the white imp.
The white imp is moderately wounded.
The white imp hits you but does no damage.
The white imp closely misses you.
You shoot an arrow.
The arrow hits the white imp but does no damage.
The white imp is moderately wounded.
The white imp barely misses you.
You shoot an arrow.
The arrow hits the white imp but does no damage.
The white imp is moderately wounded.
The white imp hits you but does no damage.
You shoot an arrow. The arrow hits the white imp!
The white imp is almost dead.
The white imp gestures at you. The puff of frost hits you.
You shoot an arrow.
The arrow hits the white imp but does no damage.
The white imp is almost dead.
The white imp gestures at you. The puff of frost hits you!
You shoot an arrow. The arrow hits the white imp.
You kill the white imp!
The centaur shoots an arrow.
The arrow hits you.
You die...

..# ..# #.#
### #.# #..
..# #.# #.# #
#.# #.#
#..##.###<#
#....@....#
...#.##)#####
..c. #.###..
# ..# #.# .#
.#


You could see a centaur.

Vanquished Creatures
  An acid dragon (D:5)
  A brain worm (Sewer)
  A bombardier beetle (D:4)
  A hound (D:4)
  3 iguanas (D:4)
  10 adders
  6 river rats
  A white imp (D:5)
  6 ribbon worms
  2 dart slugs
  5 orcs
  8 bats
  5 endoplasms
  5 giant cockroaches
  3 goblins
  7 hobgoblins
  3 jackals (Sewer)
  7 quokkas
  11 ball pythons
  6 frilled lizards
  6 kobolds
  10 rats
108 creatures vanquished.

Notes
Turn   | Place    | Note
-------+----------+-------------------------------------------
     0 | D:1      | qw the Gargoyle Hunter began the quest for the Orb.
     0 | D:1      | Reached XP level 1. HP: 12/12 MP: 1/1
     0 | D:1      | 0 ||| qw: Version: 0.3-a-132-g3d54051
     0 | D:1      | 0 ||| qw: Game counter: 5
     0 | D:1      | 0 ||| qw: Melee chars always use a shield: true
     0 | D:1      | 0 ||| qw: God list: Okawaru
     0 | D:1      | 0 ||| qw: Allow faded altars: false
     0 | D:1      | 0 ||| qw: Do Orc after clearing Dungeon:15 true
     0 | D:1      | 0 ||| qw: Do second Lair branch before Depths: true
     0 | D:1      | 0 ||| qw: Lair rune preference: random
     0 | D:1      | 0 ||| qw: Goals: Normal
     0 | D:1      | 0 ||| PLANNING D:1-11
   168 | D:1      | Reached XP level 2. HP: 17/17 MP: 2/2
   503 | D:1      | 503 ||| UPGRADING to +0 ring mail.
   513 | D:1      | 513 ||| DROPPING +0 leather armour.
   514 | D:1      | 514 ||| READING scroll labelled YCLEDW COUT.
   615 | D:1      | 615 ||| READING scroll labelled NINGUN OSSELOTZ.
   616 | D:1      | 616 ||| DROPPING scroll of butterflies.
   747 | D:2      | Reached skill level 1 in Armour
   747 | D:2      | Reached XP level 3. HP: 21/21 MP: 3/3
   858 | D:2      | 858 ||| FLEEEEING.
  1115 | D:2      | Reached skill level 5 in Ranged Weapons
  1284 | D:2      | Reached XP level 4. HP: 27/27 MP: 4/4
  1305 | D:2      | 1305 ||| READING scroll labelled OFUT BIOPREU.
  1306 | D:2      | 1306 ||| FLEEEEING.
  2062 | D:3      | 2062 ||| UPGRADING to +4 ring of protection.
  2063 | D:3      | 2063 ||| READING scroll labelled FUPIUCEZOPT.
  2063 | D:3      | 2063 ||| ENCHANTING +0 shortbow.
  2064 | D:3      | 2064 ||| READING scroll labelled RAHUS DIRIBOO.
  2064 | D:3      | 2064 ||| IDENTIFYING black potion
  2091 | D:4      | 2091 ||| PLANNING SEWER
  2141 | D:4      | Reached skill level 3 in Fighting
  2218 | D:4      | Noticed an ogre
  2219 | D:4      | Noticed Euripides's ghost (amateur HOFi)
  2222 | D:4      | Found a transporter.
  2270 | D:4      | 2270 ||| FLEEEEING.
  2312 | D:4      | Reached XP level 5. HP: 21/32 MP: 5/5
  2328 | D:4      | HP: 8/32 [ribbon worm (5)]
  2329 | D:4      | 2329 ||| READING scroll of teleportation.
  2338 | D:4      | Reached skill level 6 in Ranged Weapons
  2338 | D:4      | 2338 ||| FLEEEEING.
  2345 | D:4      | 2345 ||| FLEEEEING.
  2346 | D:4      | 2346 ||| FLEEEEING.
  2347 | D:4      | 2347 ||| FLEEEEING.
  2348 | D:4      | 2348 ||| FLEEEEING.
  2349 | D:4      | 2349 ||| FLEEEEING.
  2350 | D:4      | 2350 ||| FLEEEEING.
  2351 | D:4      | 2351 ||| FLEEEEING.
  2352 | D:4      | 2352 ||| FLEEEEING.
  2353 | D:4      | 2353 ||| FLEEEEING.
  2354 | D:4      | 2354 ||| FLEEEEING.
  2355 | D:4      | 2355 ||| FLEEEEING.
  2356 | D:4      | 2356 ||| FLEEEEING.
  2357 | D:4      | 2357 ||| FLEEEEING.
  2358 | D:4      | 2358 ||| FLEEEEING.
  2360 | D:4      | 2360 ||| FLEEEEING.
  2361 | D:4      | 2361 ||| FLEEEEING.
  2363 | D:4      | 2363 ||| FLEEEEING.
  2364 | D:4      | 2364 ||| FLEEEEING.
  2365 | D:4      | 2365 ||| FLEEEEING.
  2366 | D:4      | 2366 ||| FLEEEEING.
  2367 | D:4      | 2367 ||| FLEEEEING.
  2368 | D:4      | 2368 ||| FLEEEEING.
  2369 | D:4      | 2369 ||| FLEEEEING.
  2370 | D:4      | 2370 ||| FLEEEEING.
  2371 | D:4      | 2371 ||| FLEEEEING.
  2372 | D:4      | 2372 ||| STAIRDANCE
  2423 | D:3      | 2423 ||| DRINKING 2 bubbling ruby potions.
  2440 | D:4      | 2440 ||| STAIRDANCE
  2442 | D:3      | 2442 ||| FLEEEEING.
  2569 | D:4      | Reached XP level 6. HP: 38/38 MP: 6/6
  2634 | D:4      | Found a glowing drain.
  2681 | D:4      | 2681 ||| DRINKING 2 pink potions.
  2682 | D:4      | 2682 ||| DROPPING potion of degeneration.
  2690 | Sewer    | Entered a sewer
  3050 | Sewer    | 3050 ||| RETREEEEATING.
  3065 | Sewer    | HP: 8/38 [adder (2)]
  3066 | Sewer    | 3066 ||| READING scroll of teleportation.
  3250 | Sewer    | Reached skill level 7 in Ranged Weapons
  3250 | Sewer    | Reached XP level 7. HP: 38/43 MP: 5/7
  3459 | Sewer    | 3459 ||| READING scroll of identify.
  3459 | Sewer    | 3459 ||| IDENTIFYING green potion
  3460 | Sewer    | 3460 ||| READING scroll labelled MIEMEISINI.
  3561 | Sewer    | 3561 ||| READING 4 scrolls labelled TYDUXKIFOCS.
  3562 | Sewer    | 3562 ||| DROPPING potion of attraction.
  3563 | Sewer    | 3563 ||| DROPPING 3 scrolls of blinking.
  3586 | D:4      | 3586 ||| PLANNING D:1-11
  3849 | D:4      | Found a bloodstained altar of Trog.
  3896 | D:5      | Entered Level 5 of the Dungeon
  3916 | D:5      | HP: 9/43 [centaur/arrow (4)]
  3932 | D:5      | HP: 2/43 [white imp/puff of frost (11)]
  3933 | D:5      | Shot with an arrow by a centaur

Levels and vault maps discovered:
D:1:      sevenhm_arrival_forest_fort_large_2, layout_rooms, chequers_jeans
D:2:      layout_loops_cross
D:3:      layout_basic
D:4:      layout_basic, trog_butcher_becter, gammafunk_ghost_smash,
          portal_sewer_entry_b
D:5:      minmay_angry_zag, layout_loops_corners, minmay_manual_mess,
          uniq_eustachio, uniq_prince_ribbit1, uniq_duvessa

Skill      XL: |  1  2  3  4  5  6 |
---------------+-------------------+-----
Armour         | 1 |  1.4
Ranged Weapons | 5 6 7 |  7.9
Fighting       | 3 4 |  4.0
Dodging        | |  1.5
Stealth        | |  1.1

Action                     |  1- 3 |  4- 6 |  7- 9 || total
---------------------------+-------+-------+-------++-------
   Fire: Shortbow          |   109 |   246 |    63 ||   418
    Use: Scroll            |     2 |     5 |     3 ||    10
         Potion            |       |     2 |       ||     2
 Armour: Leather armour    |     6 |       |       ||     6
         Ring mail         |    16 |   107 |    22 ||   145
  Dodge: Dodged            |    32 |    96 |    25 ||   153

Table legend:
 A = Non-vault XP
 B = Vault XP
 C = Vault XP percentage of total XP
 D = Non-vault monster count
 E = Vault monster count
 F = Vault count percentage of total count
                 A         B        C        D         E       F
            +---------+---------+-------+---------+---------+-------
      Total |     380 |     448 |  54.1 |      69 |      39 |  36.1
            +---------+---------+-------+---------+---------+-------
        D:1 |      24 |       0 |   0.0 |      16 |       0 |   0.0
        D:2 |      62 |       0 |   0.0 |      20 |       0 |   0.0
        D:3 |      17 |       0 |   0.0 |      10 |       0 |   0.0
        D:4 |     260 |      48 |  15.6 |      21 |       8 |  27.6
        D:5 |      17 |     164 |  90.6 |       2 |       2 |  50.0
      Sewer |       0 |     236 | 100.0 |       0 |      29 | 100.0
            +---------+---------+-------+---------+---------+-------
